[Event "44th Chess Olympiad Women 2022"]
[Site "Chennai"]
[Date "2022.08.02"]
[Round "5.53"]
[White "Mefteh, Meyssem"]
[Black "Munoz Henriquez, Alba Esther"]
[Result "1-0"]
[ECO "B12"]
[WhiteElo "1254"]
[BlackElo "1588"]
[Annotator "NA RC COMBH"]
[PlyCount "81"]
[EventDate "2022.07.29"]
[EventType "team-tourn"]
[EventCountry "IND"]
[SourceTitle "playchess.com"]
[Source "ChessBase"]
[SourceQuality "1"]
[WhiteTeam "Tunisia"]
[BlackTeam "Panama"]
[WhiteTeamCountry "TUN"]
[BlackTeamCountry "PAN"]
[TimeControl "40/5400+30:1800+30"]

1. e4 c6 2. d4 d5 3. e5 Bf5 4. Nf3 e6 5. Be2 Nd7 6. O-O c5 7. c4 Nb6 8. cxd5 exd5 9. Nc3 c4 10. b3 Bb4 11. Bb2 Rc8 12. Nd2 cxb3 13. Qxb3 Bxc3 14. Bxc3 Ne7 15. Rfc1 Nc6 16. a4 Rc7 17. a5 Nc8 18. Bb5 Bd7 19. Bxc6 Bxc6 20. Bb4 Ne7 21. Bc5 Nc8 22. Qg3 g6 23. Rcb1 Rd7 24. e6 fxe6 25. Qe5 Kf7 26. Nf3 h6 27. Re1 Qf6 28. Re3 Re8 29. Qg3 Kg7 30. Ne5 Rc7 31. Nxg6 Qxg6 32. Qxc7+ Kh8 33. Qe5+ Kh7 34. Rg3 Qf7 35. Raa3 Rg8 36. Rxg8 Qxg8 37. Qg3 Qxg3 38. Rxg3 b6 39. Bf8 Be8 40. Rg7+ Kh8 41. Rc7 1-0

[Event "44th Chess Olympiad Women 2022"]
[Site "Chennai"]
[Date "2022.08.02"]
[Round "5.54"]
[White "Makwena, Christine"]
[Black "Nema, Rabab Ahmed"]
[Result "1/2-1/2"]
[ECO "A45"]
[WhiteElo "1609"]
[BlackElo "1172"]
[Annotator "NA RC COMBH"]
[PlyCount "69"]
[EventDate "2022.07.29"]
[EventType "team-tourn"]
[EventCountry "IND"]
[SourceTitle "playchess.com"]
[Source "ChessBase"]
[SourceQuality "1"]
[WhiteTeam "Zimbabwe"]
[BlackTeam "Kuwait"]
[WhiteTeamCountry "ZIM"]
[BlackTeamCountry "KUW"]
[TimeControl "40/5400+30:1800+30"]

1. d4 Nf6 2. Bg5 g6 3. Bxf6 exf6 4. e3 Bg7 5. c4 d6 6. Nc3 O-O 7. Bd3 f5 8. Nf3 Nd7 9. O-O Nf6 10. Qc2 Re8 11. Rfe1 Bd7 12. Rad1 c5 13. h3 Qc7 14. d5 Re7 15. e4 fxe4 16. Nxe4 Nxe4 17. Rxe4 Rxe4 18. Bxe4 Re8 19. Bd3 a6 20. Qd2 b5 21. b3 b4 22. Re1 Rxe1+ 23. Qxe1 Qd8 24. Qe3 Qf6 25. Qe2 a5 26. Kh2 a4 27. Nd2 Qe5+ 28. Qxe5 Bxe5+ 29. g3 f5 30. f4 Bf6 31. Kg2 a3 32. Bc2 Kf7 33. Nf3 h6 34. h4 Kg7 35. Kh3 1/2-1/2

[Event "44th Chess Olympiad Women 2022"]
[Site "Chennai"]
[Date "2022.08.02"]
[Round "5.54"]
[White "Zengeni, Tatenda Melisa"]
[Black "Hadeel Mohammad Kalandar"]
[Result "1-0"]
[ECO "D00"]
[WhiteElo "1553"]
[BlackElo "1083"]
[Annotator "NA RC COMBH"]
[PlyCount "59"]
[EventDate "2022.07.29"]
[EventType "team-tourn"]
[EventCountry "IND"]
[SourceTitle "playchess.com"]
[Source "ChessBase"]
[SourceQuality "1"]
[WhiteTeam "Zimbabwe"]
[BlackTeam "Kuwait"]
[WhiteTeamCountry "ZIM"]
[BlackTeamCountry "KUW"]
[TimeControl "40/5400+30:1800+30"]

1. d4 d5 2. f4 Nf6 3. e3 e6 4. Bd3 Be7 5. Nd2 O-O 6. Ngf3 h6 7. O-O Nbd7 8. Ne5 Nxe5 9. fxe5 Nd7 10. Qg4 c5 11. c3 Bg5 12. Nf3 f6 13. Qxe6+ Rf7 14. Qxd5 Kh8 15. Qxf7 Qg8 16. Nxg5 Nf8 17. Qxg8+ Kxg8 18. Bc4+ Kh8 19. Nf7+ Kh7 20. exf6 g6 21. e4 cxd4 22. cxd4 a6 23. Bxh6 Nd7 24. e5 b5 25. Bd5 Ra7 26. Rf4 Nb6 27. Bb3 a5 28. Rh4 Kg8 29. Ng5+ Nc4 30. Bg7 1-0

[Event "44th Chess Olympiad Women 2022"]
[Site "Chennai"]
[Date "2022.08.02"]
[Round "5.54"]
[White "Alazmi, Amani"]
[Black "Shaba, Linda Dalitso"]
[Result "0-1"]
[ECO "C00"]
[WhiteElo "1506"]
[BlackElo "1658"]
[Annotator "NA RC COMBH"]
[PlyCount "174"]
[EventDate "2022.07.29"]
[EventType "team-tourn"]
[EventCountry "IND"]
[SourceTitle "playchess.com"]
[Source "ChessBase"]
[SourceQuality "1"]
[WhiteTeam "Kuwait"]
[BlackTeam "Zimbabwe"]
[WhiteTeamCountry "KUW"]
[BlackTeamCountry "ZIM"]
[TimeControl "40/5400+30:1800+30"]

1. e4 e6 2. d3 d5 3. Nd2 Nf6 4. Ngf3 b6 5. g3 Ba6 6. e5 Nfd7 7. Bg2 c5 8. O-O Nc6 9. Re1 Qc7 10. Qe2 Nb4 11. Qd1 Rc8 12. a3 Nc6 13. Qe2 Nd4 14. Nxd4 cxd4 15. Bxd5 Qxc2 16. Bc4 b5 17. Bb3 Qc6 18. Nf3 Bb7 19. Bd1 Be7 20. Bf4 O-O 21. h4 Nc5 22. Kh2 Qxf3 23. Qxf3 Bxf3 24. Bxf3 Nxd3 25. Re2 Nxf4 26. gxf4 Bxh4 27. Rd1 Rc4 28. f5 exf5 29. Bd5 Rc5 30. Rxd4 Bg5 31. e6 fxe6 32. Bxe6+ Kh8 33. b4 Rc3 34. Bxf5 Rxa3 35. Rde4 Rf3 36. Bd7 Rxf2+ 37. Rxf2 Rxf2+ 38. Kg3 Rf8 39. Bxb5 Bd8 40. Bc4 h6 41. Kg4 Bc7 42. b5 Kh7 43. Bd3 Kh8 44. Re7 Bb6 45. Kh5 Rd8 46. Be4 Bf2 47. Rf7 Be3 48. Rf3 Bd4 49. Rf7 Kg8 50. Rf5 Re8 51. Bd5+ Kh7 52. Bf7 Re3 53. Bg6+ Kg8 54. Bf7+ Kf8 55. Kg6 Rg3+ 56. Kh7 Ke7 57. Bg6 Kd6 58. Bf7 Kc7 59. Be8 Kb6 60. Rd5 Rg4 61. Rd6+ Ka5 62. Ra6+ Kb4 63. Rg6 h5 64. Re6 h4 65. Bd7 h3 66. b6 Rh4+ 67. Kg6 axb6 68. Kg5 Rh8 69. Re4 Kc5 70. Re1 h2 71. Rh1 Bg1 72. Kg6 Ra8 73. Bf5 Ra7 74. Kh5 b5 75. Kg4 Kd4 76. Be6 b4 77. Kg5 Kc3 78. Bf5 Ra5 79. Kg6 Rxf5 80. Kxf5 b3 81. Kg4 b2 82. Kf3 b1=Q 83. Kg2 Qe4+ 84. Kh3 Qf3+ 85. Kh4 Qxh1 86. Kh5 Qg2 87. Kh4 h1=R# 0-1

[Event "44th Chess Olympiad Women 2022"]
[Site "Chennai"]
[Date "2022.08.02"]
[Round "5.54"]
[White "Alazmi, Aeshah"]
[Black "Mudodo, Refiloe Hazel"]
[Result "0-1"]
[ECO "C00"]
[WhiteElo "1256"]
[BlackElo "1604"]
[Annotator "NA RC COMBH"]
[PlyCount "94"]
[EventDate "2022.07.29"]
[EventType "team-tourn"]
[EventCountry "IND"]
[SourceTitle "playchess.com"]
[Source "ChessBase"]
[SourceQuality "1"]
[WhiteTeam "Kuwait"]
[BlackTeam "Zimbabwe"]
[WhiteTeamCountry "KUW"]
[BlackTeamCountry "ZIM"]
[TimeControl "40/5400+30:1800+30"]

1. e4 e6 2. d3 d5 3. Nd2 Nf6 4. Ngf3 b6 5. g3 dxe4 6. dxe4 Bb7 7. Qe2 Bc5 8. Bg2 O-O 9. O-O Nc6 10. c3 a5 11. a3 e5 12. Nc4 Qe7 13. Bg5 h6 14. Bh4 Qe6 15. Rfe1 Ba6 16. b3 a4 17. Nfd2 Bxc4 18. bxc4 g5 19. Nf3 gxh4 20. Nxh4 Na5 21. Nf5 Kh7 22. Bf1 Rad8 23. Qf3 Rd2 24. Re2 Rfd8 25. Qg2 Rxe2 26. Bxe2 Rd2 27. Qh3 Bf8 28. Re1 Nxe4 29. g4 Nd6 30. Bd3 Kg8 31. g5 Nxf5 32. Bxf5 Qd6 33. gxh6 Qxh6 34. Qxh6 Bxh6 35. Rxe5 Nxc4 36. Bg4 Nxe5 37. h3 Nxg4 38. hxg4 Ra2 39. Kg2 Rxa3 40. Kh3 Rxc3+ 41. Kh4 a3 42. f4 a2 43. g5 a1=Q 44. gxh6 Qg1 45. f5 Rc2 46. h7+ Kxh7 47. f6 Rh2# 0-1

[Event "44th Chess Olympiad Women 2022"]
[Site "Chennai"]
[Date "2022.08.02"]
[Round "5.55"]
[White "Elfelo, Eklas"]
[Black "Roberts, Tallulah"]
[Result "0-1"]
[ECO "C15"]
[WhiteElo "1562"]
[BlackElo "1536"]
[Annotator "NA RC COMBH"]
[PlyCount "116"]
[EventDate "2022.07.29"]
[EventType "team-tourn"]
[EventCountry "IND"]
[SourceTitle "playchess.com"]
[Source "ChessBase"]
[SourceQuality "1"]
[WhiteTeam "Libya"]
[BlackTeam "Channel Islands"]
[WhiteTeamCountry "LBY"]
[BlackTeamCountry "JCI"]
[TimeControl "40/5400+30:1800+30"]

1. e4 e6 2. d4 d5 3. Nc3 Bb4 4. Bd2 c5 5. Bd3 cxd4 6. Nb5 Bxd2+ 7. Qxd2 dxe4 8. Bxe4 Nf6 9. Bd3 O-O 10. Nf3 Nc6 11. Bc4 e5 12. O-O a6 13. Na3 b5 14. Be2 Bb7 15. Rad1 Ne4 16. Qc1 Qe8 17. Nd2 Nxd2 18. Qxd2 Ne7 19. c3 Nf5 20. Nc2 Qc6 21. Bf3 e4 22. Bg4 e3 23. fxe3 dxe3 24. Qe2 Nh4 25. Ne1 f5 26. Bf3 Nxf3+ 27. Qxf3 Qxf3 28. Rxf3 Bxf3 29. Nxf3 Rad8 30. Re1 Rfe8 31. b4 Rd3 32. g3 Rxc3 33. h4 Ra3 34. Re2 h6 35. h5 Re4 36. Kg2 Rxb4 37. Nh4 Rba4 38. Kf3 Rxa2 39. Rxe3 R2a3 40. Nxf5 Rxe3+ 41. Kxe3 Kf7 42. Kf3 b4 43. Nd4 b3 44. Nxb3 Ra3 45. g4 Rxb3+ 46. Kf4 Rb5 47. Ke4 a5 48. Kf4 a4 49. Ke4 a3 50. Kd4 a2 51. Kc4 Rb1 52. Kd4 a1=Q+ 53. Ke4 Qa5 54. Kf3 Rb4 55. Kg3 Qg5 56. Kh3 Qxg4+ 57. Kh2 Rb2+ 58. Kh1 Qg2# 0-1

[Event "44th Chess Olympiad Women 2022"]
[Site "Chennai"]
[Date "2022.08.02"]
[Round "5.56"]
[White "Ferrufino, Michelle"]
[Black "Jacobs, Annelaine"]
[Result "1-0"]
[ECO "B23"]
[WhiteElo "1811"]
[BlackElo "1612"]
[Annotator "NA RC COMBH"]
[PlyCount "57"]
[EventDate "2022.07.29"]
[EventType "team-tourn"]
[EventCountry "IND"]
[SourceTitle "playchess.com"]
[Source "ChessBase"]
[SourceQuality "1"]
[WhiteTeam "Nicaragua"]
[BlackTeam "ARU"]
[WhiteTeamCountry "NCA"]
[TimeControl "40/5400+30:1800+30"]

1. e4 c5 2. Nc3 g6 3. f4 Bg7 4. Nf3 Nc6 5. Bb5 e6 6. Bxc6 bxc6 7. d3 d5 8. e5 Ne7 9. O-O O-O 10. Na4 Qa5 11. c4 d4 12. Bd2 Qc7 13. Nxc5 Rd8 14. Qe1 Qb8 15. Qh4 Qc7 16. g4 h6 17. Qf2 a5 18. b4 axb4 19. Bxb4 Bf8 20. Nxd4 Kh7 21. a3 Ng8 22. Ndb3 Bxc5 23. Nxc5 Qa7 24. Qf3 Bb7 25. f5 exf5 26. gxf5 Bc8 27. fxg6+ fxg6 28. Qf7+ Qxf7 29. Rxf7+ 1-0

[Event "44th Chess Olympiad Women 2022"]
[Site "Chennai"]
[Date "2022.08.02"]
[Round "5.56"]
[White "Granados Ortiz, Maria Jose"]
[Black "Aponte, Samantha"]
[Result "1-0"]
[ECO "C60"]
[WhiteElo "1753"]
[BlackElo "1087"]
[Annotator "NA RC COMBH"]
[PlyCount "43"]
[EventDate "2022.07.29"]
[EventType "team-tourn"]
[EventCountry "IND"]
[SourceTitle "playchess.com"]
[Source "ChessBase"]
[SourceQuality "1"]
[WhiteTeam "Nicaragua"]
[BlackTeam "ARU"]
[WhiteTeamCountry "NCA"]
[TimeControl "40/5400+30:1800+30"]

1. e4 e5 2. Nf3 Nc6 3. Bb5 Nge7 4. O-O g6 5. d4 Bg7 6. Be3 O-O 7. dxe5 Nxe5 8. Nxe5 Bxe5 9. Bd4 d6 10. Bxe5 dxe5 11. Nc3 Be6 12. Qe2 a6 13. Bc4 Qc8 14. Rad1 Nc6 15. Nd5 Bxd5 16. Bxd5 Nd4 17. Qd3 c6 18. c3 Nb5 19. Bb3 Rd8 20. Qf3 Kg7 21. Qxf7+ Kh8 22. Qf6# 1-0

[Event "44th Chess Olympiad Women 2022"]
[Site "Chennai"]
[Date "2022.08.02"]
[Round "5.56"]
[White "Sagastegui, Thamara"]
[Black "Alvarez Gutierrez, Patricia"]
[Result "1/2-1/2"]
[ECO "B18"]
[WhiteElo "1362"]
[BlackElo "1715"]
[Annotator "NA RC COMBH"]
[PlyCount "71"]
[EventDate "2022.07.29"]
[EventType "team-tourn"]
[EventCountry "IND"]
[SourceTitle "playchess.com"]
[Source "ChessBase"]
[SourceQuality "1"]
[WhiteTeam "ARU"]
[BlackTeam "Nicaragua"]
[BlackTeamCountry "NCA"]
[TimeControl "40/5400+30:1800+30"]

1. e4 c6 2. d4 d5 3. Nc3 dxe4 4. Nxe4 Bf5 5. Ng3 Bg6 6. Nh3 Nf6 7. Nf4 e6 8. h4 e5 9. dxe5 Qa5+ 10. c3 Qxe5+ 11. Be2 Ne4 12. Nxg6 hxg6 13. f4 Qe7 14. Nxe4 Qxe4 15. Rh2 Bc5 16. Qd3 Qe7 17. g3 Nd7 18. Bd2 O-O-O 19. Qf3 Nf6 20. O-O-O Ne4 21. Be1 Rxd1+ 22. Bxd1 f5 23. Re2 Rd8 24. Bc2 Qd6 25. g4 Kb8 26. Bg3 Nxg3 27. Qxg3 fxg4 28. Qxg4 Be3+ 29. Kb1 Bxf4 30. Qxg6 Qd5 31. Qe4 Qd6 32. Qg6 Qxg6 33. Bxg6 Bh6 34. Re8 Rxe8 35. Bxe8 Kc7 36. Kc2 1/2-1/2

[Event "44th Chess Olympiad Women 2022"]
[Site "Chennai"]
[Date "2022.08.02"]
[Round "5.57"]
[White "Kojima, Natsumi"]
[Black "Magno, Angelica"]
[Result "1-0"]
[ECO "B09"]
[WhiteElo "1782"]
[BlackElo "1211"]
[Annotator "NA RC COMBH"]
[PlyCount "81"]
[EventDate "2022.07.29"]
[EventType "team-tourn"]
[EventCountry "IND"]
[SourceTitle "playchess.com"]
[Source "ChessBase"]
[SourceQuality "1"]
[WhiteTeam "Japan"]
[BlackTeam "PLW"]
[WhiteTeamCountry "JPN"]
[TimeControl "40/5400+30:1800+30"]

1. e4 d6 2. d4 Nf6 3. Nc3 g6 4. f4 Bg7 5. Nf3 Bg4 6. h3 Bxf3 7. Qxf3 Nbd7 8. e5 Ng8 9. Bc4 e6 10. Be3 d5 11. Bd3 Ne7 12. g4 c6 13. h4 Qb6 14. Kd2 a5 15. h5 h6 16. hxg6 fxg6 17. b3 O-O-O 18. Na4 Qc7 19. Nb2 Rdf8 20. Qe2 Nb8 21. Raf1 Qb6 22. Na4 Qc7 23. Nc5 Rf7 24. Nxe6 Qb6 25. Kc1 a4 26. Kb2 Bf8 27. f5 a3+ 28. Kb1 gxf5 29. gxf5 Ng8 30. Qh5 Re7 31. Nxf8 Nf6 32. Qf3 Rxf8 33. exf6 Rxf6 34. Rhg1 Ref7 35. Rg8+ Kd7 36. Rxb8 Qb4 37. Bc1 Qxd4 38. Rxb7+ Kc8 39. Rxf7 Rxf7 40. Bxa3 Qa7 41. Bb2 1-0

[Event "44th Chess Olympiad Women 2022"]
[Site "Chennai"]
[Date "2022.08.02"]
[Round "5.57"]
[White "Sisior, Destiny"]
[Black "Misawa, Yuki"]
[Result "0-1"]
[ECO "B12"]
[WhiteElo "1298"]
[BlackElo "1587"]
[Annotator "NA RC COMBH"]
[PlyCount "126"]
[EventDate "2022.07.29"]
[EventType "team-tourn"]
[EventCountry "IND"]
[SourceTitle "playchess.com"]
[Source "ChessBase"]
[SourceQuality "1"]
[WhiteTeam "PLW"]
[BlackTeam "Japan"]
[BlackTeamCountry "JPN"]
[TimeControl "40/5400+30:1800+30"]

1. e4 c6 2. d4 d5 3. e5 Bf5 4. Nf3 e6 5. Nc3 c5 6. Bb5+ Nc6 7. Bxc6+ bxc6 8. b3 Qb6 9. Ba3 Qa5 10. Bb2 Bg6 11. O-O cxd4 12. Nxd4 Qc7 13. Re1 Bb4 14. a3 Ba5 15. b4 Bb6 16. Nf3 Ne7 17. Rc1 O-O 18. a4 a6 19. a5 Ba7 20. Na4 c5 21. c3 c4 22. Nd4 Nf5 23. Ba3 Nxd4 24. cxd4 Rfc8 25. Nc3 Bd3 26. Qg4 Qd8 27. h4 Rab8 28. Re3 Bf5 29. Qf4 Rb7 30. Rd1 h6 31. Rg3 Kh7 32. Rc1 Rcb8 33. Nd1 f6 34. Ne3 fxe5 35. Qxe5 Qf6 36. Nxf5 Qxe5 37. dxe5 exf5 38. e6 Re8 39. Re1 d4 40. Kf1 Bb8 41. Rf3 Kg6 42. g3 h5 43. Rc1 c3 44. Rd3 Be5 45. f4 Bf6 46. Re1 Rb5 47. Re2 Kh7 48. Ke1 Kg8 49. Kd1 Kf8 50. Kc2 Ke7 51. Rd1 Kd6 52. Kd3 Rxe6 53. Rxe6+ Kxe6 54. Re1+ Kd7 55. Re2 Rb7 56. Rc2 Kc6 57. Kc4 Rd7 58. Kd3 Kb5 59. Ra2 Re7 60. Bc1 Re1 61. Bd2 cxd2 62. Kxd2 Rb1 63. Kd3 Kxb4 0-1

[Event "44th Chess Olympiad Women 2022"]
[Site "Chennai"]
[Date "2022.08.02"]
[Round "5.57"]
[White "Whipps Kayah Iblai Flores"]
[Black "Sakai, Azumi"]
[Result "0-1"]
[ECO "C11"]
[WhiteElo "1054"]
[BlackElo "1759"]
[Annotator "NA RC COMBH"]
[PlyCount "50"]
[EventDate "2022.07.29"]
[EventType "team-tourn"]
[EventCountry "IND"]
[SourceTitle "playchess.com"]
[Source "ChessBase"]
[SourceQuality "1"]
[WhiteTeam "PLW"]
[BlackTeam "Japan"]
[BlackTeamCountry "JPN"]
[TimeControl "40/5400+30:1800+30"]

1. e4 e6 2. Nc3 d5 3. d4 Nf6 4. g3 dxe4 5. Bg2 Bb4 6. a3 Ba5 7. f3 exf3 8. Nxf3 O-O 9. O-O Bb6 10. Be3 Nc6 11. b4 a5 12. Na2 Nd5 13. Bg5 f6 14. Bh4 Ne3 15. Qd3 Nxf1 16. Bxf1 Nxd4 17. Bg2 Nxf3+ 18. Kf1 Qxd3+ 19. cxd3 Nxh2+ 20. Ke1 g5 21. Rd1 c6 22. d4 gxh4 23. gxh4 axb4 24. axb4 Rxa2 25. Bh1 Rf7 0-1

[Event "44th Chess Olympiad Women 2022"]
[Site "Chennai"]
[Date "2022.08.02"]
[Round "5.58"]
[White "Sitoe, Cheila Andre"]
[Black "Nosimilo, Mkhonto"]
[Result "1-0"]
[ECO "C54"]
[WhiteElo "1574"]
[BlackElo "1313"]
[Annotator "NA RC COMBH"]
[PlyCount "101"]
[EventDate "2022.07.29"]
[EventType "team-tourn"]
[EventCountry "IND"]
[SourceTitle "playchess.com"]
[Source "ChessBase"]
[SourceQuality "1"]
[WhiteTeam "Mozambique"]
[BlackTeam "SWZ"]
[WhiteTeamCountry "MOZ"]
[TimeControl "40/5400+30:1800+30"]

1. e4 e5 2. Nf3 Nc6 3. Bc4 Bc5 4. O-O Nf6 5. d3 O-O 6. c3 a6 7. Bg5 d6 8. h3 h6 9. Bh4 Na5 10. Nbd2 Nxc4 11. Nxc4 Re8 12. Kh1 Bd7 13. Ne3 c6 14. Nh2 g5 15. Bg3 Qb6 16. Qe2 d5 17. b4 Bd6 18. exd5 cxd5 19. Qd2 Nh5 20. Nxd5 Nxg3+ 21. fxg3 Qd8 22. Nf6+ Kg7 23. Nxe8+ Qxe8 24. Rae1 Bc6 25. Nf3 e4 26. Nd4 Bxg3 27. Nf5+ Kg6 28. Nxg3 Rd8 29. d4 e3 30. Qxe3 Qxe3 31. Rxe3 Bd5 32. a3 Rf8 33. Nf5 Be6 34. Nd6 Bd5 35. c4 Bc6 36. d5 Bd7 37. Re7 Ba4 38. Rfxf7 Rxf7 39. Rxf7 Bb3 40. Rxb7 Kf6 41. Ne4+ Ke5 42. Nd2 Ba2 43. Re7+ Kd6 44. Re6+ Kd7 45. Rxa6 Ke7 46. d6+ Kd7 47. c5 Bd5 48. Ra7+ Kd8 49. b5 h5 50. c6 g4 51. Ra8# 1-0

[Event "44th Chess Olympiad Women 2022"]
[Site "Chennai"]
[Date "2022.08.02"]
[Round "5.58"]
[White "Nomcebo, Sibisi"]
[Black "Andre, Chineva Rufino"]
[Result "0-1"]
[ECO "D00"]
[WhiteElo "1225"]
[BlackElo "1171"]
[Annotator "NA RC COMBH"]
[PlyCount "134"]
[EventDate "2022.07.29"]
[EventType "team-tourn"]
[EventCountry "IND"]
[SourceTitle "playchess.com"]
[Source "ChessBase"]
[SourceQuality "1"]
[WhiteTeam "SWZ"]
[BlackTeam "Mozambique"]
[BlackTeamCountry "MOZ"]
[TimeControl "40/5400+30:1800+30"]

1. d4 d5 2. e3 Nf6 3. c3 Bf5 4. Bd3 Bxd3 5. Qxd3 Nc6 6. f4 e6 7. Nf3 Bd6 8. Ne5 Ne4 9. h4 Be7 10. Nf3 Qd6 11. Nbd2 Nxd2 12. Bxd2 O-O-O 13. Ne5 Nxe5 14. fxe5 Qb6 15. b4 f6 16. exf6 Bxf6 17. a4 Qd6 18. O-O-O Qg3 19. Qe2 Rhf8 20. Be1 Qd6 21. h5 e5 22. Bh4 exd4 23. Bxf6 Rxf6 24. exd4 Qc6 25. Kc2 Qxa4+ 26. Kb1 Rdf8 27. Qa2 Qxa2+ 28. Kxa2 Rf2+ 29. Kb3 Rxg2 30. Rhg1 Rff2 31. Rxg2 Rxg2 32. Re1 Kd7 33. Re5 c6 34. Rf5 Kc7 35. Rf7+ Kb6 36. Rd7 Rg5 37. h6 gxh6 38. Rxh7 h5 39. Ka4 a6 40. Kb3 Ka7 41. Ka4 Rg3 42. Kb3 Rh3 43. Rh6 h4 44. Rh7 Rh1 45. Kc2 h3 46. Kd2 Rh2+ 47. Ke1 Kb6 48. Kf1 Ka7 49. Kg1 Rg2+ 50. Kh1 Rg3 51. Kh2 Rxc3 52. Rxh3 Rxh3+ 53. Kxh3 Kb6 54. Kg3 Kb5 55. Kf3 Kxb4 56. Ke3 Kc3 57. Ke2 b5 58. Kd1 b4 59. Kc1 b3 60. Kb1 a5 61. Kc1 a4 62. Kb1 a3 63. Ka1 b2+ 64. Ka2 Kc2 65. Kxa3 b1=Q 66. Ka4 Qb3+ 67. Ka5 Qb5# 0-1

[Event "44th Chess Olympiad Women 2022"]
[Site "Chennai"]
[Date "2022.08.02"]
[Round "5.58"]
[White "Nkwanyane Nolwazi"]
[Black "Vilhete, Vania Fausto Da T."]
[Result "0-1"]
[ECO "D53"]
[WhiteElo "1158"]
[BlackElo "1701"]
[Annotator "NA RC COMBH"]
[PlyCount "88"]
[EventDate "2022.07.29"]
[EventType "team-tourn"]
[EventCountry "IND"]
[SourceTitle "playchess.com"]
[Source "ChessBase"]
[SourceQuality "1"]
[WhiteTeam "SWZ"]
[BlackTeam "Mozambique"]
[BlackTeamCountry "MOZ"]
[TimeControl "40/5400+30:1800+30"]

1. d4 Nf6 2. c4 e6 3. Nc3 d5 4. Bg5 Be7 5. e3 Nbd7 6. c5 c6 7. Nf3 Qa5 8. a3 Ne4 9. b4 Nxc3 10. bxa5 Nxd1 11. Bxe7 Nxf2 12. Kxf2 Kxe7 13. Be2 Nf6 14. Nd2 Re8 15. Rab1 Kf8 16. h3 e5 17. Nf3 Ne4+ 18. Ke1 exd4 19. exd4 Ng3 20. Kf2 Nxe2 21. Rhe1 Nc3 22. Rxe8+ Kxe8 23. Re1+ Ne4+ 24. Kg1 f6 25. g4 Kf7 26. Rb1 Nc3 27. Rf1 h6 28. Ne5+ Kg8 29. Ng6 Ne2+ 30. Kf2 Nxd4 31. Re1 Be6 32. Rb1 Kf7 33. Nf4 Bc8 34. Rc1 Nb3 35. Rd1 Nxc5 36. Nxd5 cxd5 37. Rxd5 Ne4+ 38. Ke3 Ng5 39. h4 Ne6 40. Rb5 b6 41. axb6 axb6 42. Rxb6 Rxa3+ 43. Ke4 Ra4+ 44. Kd5 Rxg4 0-1

[Event "44th Chess Olympiad Women 2022"]
[Site "Chennai"]
[Date "2022.08.02"]
[Round "5.58"]
[White "Naira Sinoia"]
[Black "Dlamini, Nosipho"]
[Result "1/2-1/2"]
[ECO "C50"]
[WhiteElo "1116"]
[BlackElo "1081"]
[Annotator "NA RC COMBH"]
[PlyCount "102"]
[EventDate "2022.07.29"]
[EventType "team-tourn"]
[EventCountry "IND"]
[SourceTitle "playchess.com"]
[Source "ChessBase"]
[SourceQuality "1"]
[WhiteTeam "Mozambique"]
[BlackTeam "SWZ"]
[WhiteTeamCountry "MOZ"]
[TimeControl "40/5400+30:1800+30"]

1. e4 e5 2. Nf3 Nc6 3. Bc4 Bc5 4. d3 h6 5. Nc3 Nf6 6. h3 d6 7. a3 O-O 8. Bd2 a6 9. O-O b5 10. Ba2 Bb7 11. Ne2 Re8 12. Ng3 Nd4 13. c3 Ne6 14. Nf5 Nf4 15. Bxf4 exf4 16. Qd2 Nh5 17. N3h4 Qf6 18. Qe2 Ng3 19. Nxg3 Qxh4 20. Nf5 Qg5 21. Qg4 Qxg4 22. hxg4 Rad8 23. d4 Ba7 24. f3 c5 25. Rad1 c4 26. Kh2 Kh7 27. e5 dxe5 28. dxe5 Rxd1 29. Rxd1 Bc6 30. Rd6 Re6 31. Rxe6 fxe6 32. Nd6 Bc5 33. a4 bxa4 34. Bxc4 a3 35. bxa3 Bxa3 36. Bxa6 Bb2 37. Bb5 Bd5 38. c4 Bxe5 39. cxd5 Bxd6 40. dxe6 Kg6 41. Kg1 Kf6 42. Bd7 g5 43. Kf2 Bc5+ 44. Ke2 Ke5 45. Kd3 Kd5 46. Kc3 Bd6 47. Kd3 Be7 48. Bc8 Bd6 49. Kc3 Kc5 50. Kd3 Kd5 51. Bd7 Be7 1/2-1/2

[Event "44th Chess Olympiad Women 2022"]
[Site "Chennai"]
[Date "2022.08.02"]
[Round "5.59"]
[White "Wilson, Hannah"]
[Black "Beekhy, Aamirah"]
[Result "1-0"]
[ECO "C56"]
[WhiteElo "1556"]
[BlackElo "1373"]
[Annotator "NA RC COMBH"]
[PlyCount "36"]
[EventDate "2022.07.29"]
[EventType "team-tourn"]
[EventCountry "IND"]
[SourceTitle "playchess.com"]
[Source "ChessBase"]
[SourceQuality "1"]
[WhiteTeam "Barbados"]
[BlackTeam "Mauritius"]
[WhiteTeamCountry "BAR"]
[BlackTeamCountry "MRI"]
[TimeControl "40/5400+30:1800+30"]

1. e4 e5 2. Nf3 Nc6 3. d4 exd4 4. Bc4 d6 5. Nxd4 Bd7 6. O-O Nf6 7. Nc3 g6 8. Re1 Ne5 9. Bb3 Be7 10. f4 Nc6 11. e5 dxe5 12. fxe5 Bg4 13. Nxc6 Bc5+ 14. Kh1 Bxd1 15. exf6+ Kf8 16. Nxd8 Rxd8 17. Nxd1 h5 18. Bg5 Bd6 1-0

[Event "44th Chess Olympiad Women 2022"]
[Site "Chennai"]
[Date "2022.08.02"]
[Round "5.59"]
[White "Eversley, Kiarra"]
[Black "Acham, Meritza"]
[Result "1/2-1/2"]
[ECO "B80"]
[WhiteElo "1356"]
[BlackElo "1397"]
[Annotator "NA RC COMBH"]
[PlyCount "147"]
[EventDate "2022.07.29"]
[EventType "team-tourn"]
[EventCountry "IND"]
[SourceTitle "playchess.com"]
[Source "ChessBase"]
[SourceQuality "1"]
[WhiteTeam "Barbados"]
[BlackTeam "Mauritius"]
[WhiteTeamCountry "BAR"]
[BlackTeamCountry "MRI"]
[TimeControl "40/5400+30:1800+30"]

1. e4 c5 2. Nf3 d6 3. d4 cxd4 4. Nxd4 Nf6 5. Nc3 e6 6. Be3 Be7 7. f3 Nc6 8. Qd2 a6 9. O-O-O Qc7 10. h4 h5 11. Be2 Ne5 12. Rdg1 Nc4 13. Bxc4 Qxc4 14. Kb1 Bd7 15. g4 hxg4 16. fxg4 e5 17. Nf5 Nxe4 18. Nxe4 Qxe4 19. Nxg7+ Kf8 20. Bh6 Kg8 21. Nf5 Bf6 22. g5 Bxf5 23. gxf6+ Bg6 24. h5 Rc8 25. hxg6 fxg6 26. Qg2 Qxg2 27. Rxg2 Kf7 28. Rgh2 e4 29. Bg5 Rxh2 30. Rxh2 Ke6 31. Rf2 Kf7 32. c3 Rc5 33. Be3 Rf5 34. Bd4 Rf3 35. Kc1 Rxf2 36. Bxf2 Kxf6 37. Kd2 g5 38. Ke3 Ke5 39. c4 d5 40. Bg3+ Ke6 41. cxd5+ Kxd5 42. Bh2 b5 43. Bg3 a5 44. Bc7 a4 45. a3 g4 46. Bg3 Kc4 47. Kxe4 Kb3 48. Be5 b4 49. Bd6 bxa3 50. bxa3 Kc4 51. Kf4 Kd5 52. Bb4 Kd4 53. Kxg4 Kc4 54. Kf4 Kd4 55. Kf5 Kd5 56. Bf8 Kc4 57. Ke4 Kb5 58. Kd5 Kb6 59. Kc4 Kb7 60. Kb5 Ka8 61. Kxa4 Kb7 62. Ka5 Ka7 63. Be7 Kb7 64. Bc5 Ka8 65. Ka6 Kb8 66. Kb6 Ka8 67. Kc6 Kb8 68. Bd6+ Ka8 69. Kc7 Ka7 70. Kc8 Ka8 71. Kc7 Ka7 72. Bf4 Ka8 73. Kc6 Ka7 74. Kd5 1/2-1/2